 Dungeon Crawl Stone Soup version 0.30-a0-782-ge64f9170bb (webtiles) character file.

Game seed: 2415714514738118953

31 HoaS the Shield-Bearer (level 2, -10/25 HPs)
             Began as a Demigod Fighter on Mar 7, 2023.
             Engulfed by a cloud of flame (13 damage)
             ... on level 1 of the Dungeon.
             The game lasted 00:02:48 (535 turns).

HoaS the Shield-Bearer (Demigod Fighter)             Turns: 535, Time: 00:02:49

Health: -10/25     AC:  6    Str: 23    XL:     2   Next: 90%
Magic:  4/4        EV:  9    Int: 10    God:
Gold:   25         SH:  4    Dex: 13    Spells: 1/1 levels left

rFire   + . .      SeeInvis .    a - +1 flail
rCold   . . .      Faith    .    c - +0 buckler
rNeg    . . .      Spirit   .    b - +0 scale mail
rPois   .          Reflect  .    (no helmet)
rElec   .          Harm     .    (no cloak)
rCorr   .          Rampage  .    (no gloves)
Will    .....                    (no boots) Stlth
                                 (no amulet)
HPRegen 0.24/turn                h - ring of protection from fire
MPRegen 0.09/turn                j - +6 ring of strength

@: no status effects
A: high MP 1, forlorn, divine attributes
a: no special abilities


You were on level 1 of the Dungeon.
You visited 1 branch of the dungeon, and saw 1 of its levels.

You collected 25 gold pieces.

Inventory:

Hand Weapons
 a - a +1 flail (weapon)
Armour
 b - a +0 scale mail (worn)
 c - a +0 buckler (worn)
Jewellery
 h - a ring of protection from fire (left hand)
 j - a +6 ring of strength (right hand)
Scrolls
 e - a scroll of teleportation
Potions
 d - a potion of might
 k - a potion of curing
 m - a potion of heal wounds {unknown}


   Skills:
 - Level 2.6 Fighting
 * Level 2.8 Maces & Flails
 - Level 2.6 Armour
 + Level 3.1 Shields


You had one spell level left.
You didn't know any spells.
Your spell library contained the following spells:

 Spells                   Type           Power      Damage    Failure   Level
 Sandblast                Erth           0%         2d4       77%         1
 Ensorcelled Hibernation  Hex/Ice        0%         N/A       88%         2
 Spider Form              Tmut/Pois      0%         N/A       98%         3
 Anguish                  Hex/Necr       0%         N/A       100%        4


Dungeon Overview and Level Annotations

Branches:
Dungeon (1/15)


Innate Abilities, Weirdness & Mutations

You have an increased reservoir of magic. (+10% MP)
You shall have no god before yourself.
Your divine heritage dramatically boosts your attributes as you level up.


Message History

You swing at nothing.
You swing at nothing.
Things that are here:
a rat corpse; a hobgoblin corpse; a frilled lizard corpse
m - a fuming black potion
Found a club.
Found a stone staircase leading down.
n - an amulet of magic regeneration You feel stronger.
j - a +6 ring of strength (right hand)
You drop an amulet of magic regeneration.
As you read the scroll labelled JAAMYSH JUXU, it crumbles to dust.
You feel strangely unstable.
It was a scroll of teleportation.
As you read the scroll labelled NUIXUH XICAE, it crumbles to dust.
You hear a loud clanging noise!
It was a scroll of noise.
As you read the scroll labelled SUMAPLIMIRGH, it crumbles to dust.
It is a scroll of identify.
k - a potion of curing Your surroundings suddenly seem different.
A giant cockroach comes into view.
As you read the scroll labelled NYAJUIZXEO, it crumbles to dust.
It is a scroll of enchant weapon.
Your +0 flail glows red for a moment.
As you read the scroll labelled NUOKHL DYER, it crumbles to dust.
The creatures around you are filled with an inner flame!
It was a scroll of immolation.
A giant cockroach is nearby!
The giant cockroach bites you but does no damage.
You barely miss the giant cockroach. The giant cockroach closely misses you.
You block the giant cockroach's attack.
You barely miss the giant cockroach. The giant cockroach bites you.
You sock the giant cockroach!
The giant cockroach explodes!
The fiery explosion engulfs you!! You resist.
Ouch! That really hurt!
* * * LOW HITPOINT WARNING * * *
You are engulfed in blazing flames.
You resist.
Ouch! That really hurt!
You die...

....# ##...####..# ##.....######
....###.....##...###....#......##
............).........>.....##...
^.^^.........#......#......####..
._.#.#.#.....#......###.#####....
####.#.#............##..# ##.#.#
.#.#P....##..§§.#...#####..... #
##.#.......#.§§§.#.....#..#.##+
.#..........§@#.......#.#..# #
##.............##.........#.+
......#.....##................#
.# ........#........#.......#.##+
... .....#.#.#..#................
.....##..#†#................#.#.#
....##..#......###........######
.............#.###.#...♣..#
............#.........♣...#


There were no monsters in sight!

Vanquished Creatures
  A dart slug (D:1)
  3 endoplasms (D:1)
  2 giant cockroaches (D:1)
  3 goblins (D:1)
  2 hobgoblins (D:1)
  4 jackals (D:1)
  A quokka (D:1)
  2 ball pythons (D:1)
  3 bats (D:1)
  3 frilled lizards (D:1)
  3 kobolds (D:1)
  2 rats (D:1)
29 creatures vanquished.

Notes
Turn   | Place    | Note
-------+----------+-------------------------------------------
     0 | D:1      | HoaS the Demigod Fighter began the quest for the Orb.
     0 | D:1      | Reached XP level 1. HP: 18/18 MP: 3/3
   207 | D:1      | Reached XP level 2. HP: 24/25 MP: 4/4
   283 | D:1      | Got Plato's Treatise on Geology
   306 | D:1      | Reached skill level 3 in Shields
   535 | D:1      | Engulfed by a cloud of flame

Illustrated notes

Levels and vault maps discovered:
D:1:      dpeg_arrival_triangle_fractal, layout_rooms,
          shapermc_ecumenical_altar_rom_forum, minmay_misc_feat_doors,
          chequers_mini_garden, patterned_corridor

Skill      XL: |  1  2 |
---------------+-------+-----
Maces & Flails | 2 |  2.8
Shields        | 3 |  3.1
Fighting       | |  2.6
Armour         | |  2.6

Action                     || total
---------------------------++-------
  Melee: Flail             ||    77
    Use: Scroll            ||     5
 Armour: Scale mail        ||    35
  Dodge: Dodged            ||    44
  Block: Buckler           ||    16

Table legend: (Time is in decaauts)
 A = Elapsed time spent in this place.
 B = Non-inter-level travel time spent in this place.
 C = Inter-level travel time spent in this place.
 D = Time resting spent in this place.
 E = Time spent auto-exploring this place.
 F = Levels seen in this place.
 G = Mean time per level.
                   A        B        C        D        E       F      G
               +--------+--------+--------+--------+--------+-----+--------+
         Total |    564 |    564 |      0 |     72 |    274 |   1 |  564.0 |
       Dungeon |    564 |    564 |      0 |     72 |    274 |   1 |  564.0 |
               +--------+--------+--------+--------+--------+-----+--------+

Top non-repeatable levels by time:
     D:1: 564 daAuts
